 Dungeon Crawl Stone Soup version 0.20.1-1-g8b1a95d (webtiles) character file.

28 ANON1729 the Sneak (level 3, 0/21 HPs)
             Began as an Octopode Fire Elementalist on Oct 20, 2017.
             Succumbed to an adder's poison
             ... on level 2 of the Dungeon.
             The game lasted 00:02:08 (1438 turns).

ANON1729 the Sneak (Octopode Fire Elementalist)     Turns: 1438, Time: 00:02:09

Health: 0/21       AC:  1    Str:  7    XL:     3   Next: 12%
Magic:  6/6        EV: 14    Int: 18    God:
Gold:   21         SH:  0    Dex: 12    Spells: 5/6 levels left

rFire    + . .     SeeInvis .   (no weapon)
rCold    + . .     Gourm    .   (no shield)
rNeg     . . .     Faith    .   (helmet restricted)
rPois    +         Spirit   .   (no amulet)
rElec    +         Reflect  .   (no ring)
rCorr    +         Harm     .   (no ring)
MR       .....                  (no ring)
Stlth    +++.......             (no ring)
Regen    0.1/turn               (no ring)
MPRegen  0.1/turn               (no ring)
                                (no ring)
                                (no ring)

@: lethally poisoned (0 -> -5), resistant
A: almost no armour, stealthy swim, amphibious, 8 rings, constrict 8, camouflage
1, gelatinous body 1
a: no special abilities


You were on level 2 of the Dungeon.
You were not hungry.

You visited 1 branch of the dungeon, and saw 2 of its levels.

You collected 21 gold pieces.

Inventory:

Hand Weapons
 i - a +0 dagger
Scrolls
 e - a scroll of remove curse
 f - a scroll of blinking {unknown}
 g - 2 scrolls of identify {unknown}
Potions
 c - a potion of magic
Books
 a - a book of Flames

   Spells                             Type                      Level
   a - Flame Tongue                   Conjuration/Fire             1
   b - Throw Flame                    Conjuration/Fire             2
   c - Conjure Flame                  Conjuration/Fire             3
   d - Inner Flame                    Hexes/Fire                   3
   e - Sticky Flame                   Conjuration/Fire             4
   f - Fireball                       Conjuration/Fire             5
Comestibles
 b - a bread ration


   Skills:
 + Level 2.6 Dodging
 + Level 3.2 Stealth
 + Level 2.2 Spellcasting
 + Level 1.3 Conjurations
 + Level 3.1 Fire Magic


You had 5 spell levels left.
You knew the following spells:

 Your Spells              Type           Power        Failure   Level  Hunger
a - Flame Tongue          Conj/Fire      ##...        7%          1    #......


Dungeon Overview and Level Annotations

Branches:
Dungeon (2/15)

Altars:


Innate Abilities, Weirdness & Mutations

You cannot wear most types of armour.
You are very stealthy in the water. (Stealth+)
You are amphibious.
You can wear up to eight rings at the same time.
You can use your tentacles to constrict eight enemies at once.
Your skin changes colour to match your surroundings (Stealth+).
Your rubbery body absorbs attacks. (AC +1, EV +1)


Message History

The adder is moderately wounded.
You feel sick. The adder bites you.
* * * LOW HITPOINT WARNING * * *
Casting: Flame Tongue
Confirm with . or Enter, or press ? or * to list all spells.
Aiming: Flame Tongue
Press: ? - help, Shift-Dir - straight line, f/p - adder
Aim: an adder (moderately wounded)
Okay, then.
It was a potion of magic.
Magic courses through your body. The adder barely misses you.
It was a potion of resistance.
You feel protected. The adder bites you.
* * * LOW HITPOINT WARNING * * *
The adder closely misses you.
Okay, then.
As you read the scroll labeled AMIEB CIGGOM, it crumbles to dust.
You feel blessed for a moment.
It was a scroll of remove curse.
You die...

#.##....#
....#
#.......#
....
#.......#
#.##.#......
#....#......
#.#####......
#.#####......
#..........>.
#@######....
#S#


.gl #...# #...# ###.# .. .) You could see an adder, a leopard gecko and a
goblin.

Vanquished Creatures
  An ooze (D:1)
  2 worms (D:2)
  4 bats (D:1)
  4 goblins
  3 hobgoblins
  A frilled lizard (D:1)
  A kobold (D:1)
  2 rats
18 creatures vanquished.

Vanquished Creatures (others)
  4 toadstools (D:1)
4 creatures vanquished.

Grand Total: 22 creatures vanquished

Notes
Turn   | Place    | Note
-------+----------+-------------------------------------------
     0 | D:1      | ANON1729 the Octopode Fire Elementalist began the quest for the Orb.
     0 | D:1      | Reached XP level 1. HP: 11/11 MP: 3/3
   152 | D:1      | Reached XP level 2. HP: 5/17 MP: 0/5
  1171 | D:2      | Reached XP level 3. HP: 5/21 MP: 0/6
  1437 | D:2      | HP: 1/21 [adder (4)]
  1438 | D:2      | Succumbed to an adder's poison

Skill      XL: |  1  2 |
---------------+-------+-----
Stealth        | 3 |  3.2
Dodging        | |  2.6
Spellcasting   | |  2.2
Conjurations   | |  1.3
Fire Magic     | |  3.1

Action                   || total
-------------------------++-------
Melee: Unarmed           ||    41
       Constrict         ||    10
       Tentacles         ||     6
 Cast: Flame Tongue      ||    22
  Use: Potion            ||     2
       Scroll            ||     1
 Stab: Sleeping          ||     6
  Eat: Chunk             ||     2
Armor: Skin              ||     6
Dodge: Dodged            ||    38
